 Dungeon Crawl Stone Soup version 0.29-a0-330-g52719c12eb (webtiles) character file.

Game seed: 8835091068021510740

21 Anon1729 the Chopper (level 2, 0/27 HPs)
             Began as a Minotaur Monk on Apr 30, 2022.
             Slain by a jackal (1 damage)
             ... on level 2 of the Dungeon.
             The game lasted 00:00:28 (401 turns).

Anon1729 the Chopper (Minotaur Monk)                 Turns: 401, Time: 00:00:29

Health: 0/27       AC:  2    Str: 15    XL:     2   Next: 62%
Magic:  1/1        EV: 12    Int:  7    God:
Gold:   52         SH:  0    Dex: 12    Spells: 1/1 levels left

rFire   . . .      SeeInvis .   a - +0 hand axe
rCold   . . .      Faith    .   (no shield)
rNeg    . . .      Spirit   .   b - +0 robe
rPois   .          Reflect  .   (helmet restricted)
rElec   .          Harm     .   (no cloak)
rCorr   .          Rampage  .   (no gloves)
Will    .....                   (no boots)
Stlth   ++........              (no amulet)
HPRegen 0.09/turn               (no ring)
MPRegen 0.07/turn               (no ring)

@: lethally poisoned (0 -> -12)
A: horns 2, retaliatory headbutt
a: no special abilities


You were on level 2 of the Dungeon.
You visited 1 branch of the dungeon, and saw 2 of its levels.

You collected 52 gold pieces.

Inventory:

Hand Weapons
 a - a +0 hand axe (weapon)
Armour
 b - a +0 robe (worn)
Scrolls
 d - a scroll of enchant armour {unknown}
 f - a scroll of teleportation {unknown}
 h - a scroll of torment {unknown}
Potions
 c - a potion of ambrosia
 e - a potion of heal wounds {unknown}
 g - a potion of berserk rage {unknown}


   Skills:
 + Level 4.0 Fighting
 * Level 4.3 Axes
 + Level 1.1 Armour
 - Level 3.2 Dodging
 - Level 1.5 Stealth


You had one spell level left.
You didn't know any spells.
Your spell library contained the following spells:

 Spells                   Type           Power      Damage    Failure   Level
 Foxfire                  Conj/Fire      0%         2x1d4     43%         1
 Conjure Flame            Conj/Fire      0%         6-21      80%         3
 Inner Flame              Hex/Fire       0%         N/A       80%         3
 Flame Wave               Conj/Fire      0%         2d4       99%         4


Dungeon Overview and Level Annotations

Branches:
Dungeon (2/15)

Altars:
Vehumet


Innate Abilities, Weirdness & Mutations

You have a pair of horns on your head.
You reflexively headbutt those who attack you in melee.


Message History

You are too injured to fight recklessly!
You are too injured to fight recklessly!
You are too injured to fight recklessly!
You are too injured to fight recklessly!
You are too injured to fight recklessly!
You are too injured to fight recklessly!
You are too injured to fight recklessly!
You are too injured to fight recklessly!
You are too injured to fight recklessly!
You are too injured to fight recklessly!
You are too injured to fight recklessly!
You are too injured to fight recklessly!
You are too injured to fight recklessly!
You are too injured to fight recklessly!
You are too injured to fight recklessly!
You hit the jackal but do no damage. Your headbutt misses the jackal.
The jackal is moderately wounded.
You hit the kobold but do no damage.
You feel sick. The jackal closely misses you.
The kobold hits you with a +2 short sword of venom.
You are lethally poisoned!
The jackal closely misses you.
You hit the jackal.
You kill the jackal!
You barely miss the kobold.
* * * LOW HITPOINT WARNING * * *
You feel very sick.
A goblin comes into view. It is wielding a +0 dagger.
The kobold hits you with a +2 short sword of venom.
* * * LOW HITPOINT WARNING * * *
You are more poisoned.
Your Fighting skill increases to level 4!
The goblin shouts!
You hit the adder but do no damage. You headbutt the adder!
You kill the adder!
You closely miss the kobold.
* * * LOW HITPOINT WARNING * * *
You feel very sick. The kobold completely misses you. The jackal bites you.
You die...

#######
#.(..<#
#....##
####.....#
#Jh@K....#
#g###....#
h. ....#
... ...$#
... ....#
.. #...# .
####


You could see an endoplasm, 2 jackals, a goblin and a kobold.

Vanquished Creatures
  An adder (D:2)
  A dart slug (D:2)
  4 ball pythons (D:1)
  An endoplasm (D:1)
  3 giant cockroaches (D:1)
  A goblin (D:1)
  3 jackals
  2 frilled lizards
  A rat (D:1)
17 creatures vanquished.

Notes
Turn   | Place    | Note
-------+----------+-------------------------------------------
     0 | D:1      | Anon1729 the Minotaur Monk began the quest for the Orb.
     0 | D:1      | Reached XP level 1. HP: 19/19 MP: 0/0
   310 | D:1      | Found a faded altar of an unknown god.
   319 | D:1      | Prayed at the altar of an unknown god.
   319 | D:1      | Became a worshipper of Vehumet
   319 | D:1      | Reached * piety under Vehumet
   319 | D:1      | Offered knowledge of Sandblast by Vehumet.
   319 | D:1      | Reached ** piety under Vehumet
   320 | D:1      | Fell from the grace of Vehumet
   325 | D:1      | Reached XP level 2. HP: 23/27 MP: 1/1
   383 | D:1      | Reached skill level 1 in Armour
   389 | D:1      | You fall into a shaft and drop 1 floor!
   401 | D:2      | HP: 1/27 [poisoned by a kobold]
   401 | D:2      | Slain by a jackal

Illustrated notes

Levels and vault maps discovered:
D:1:      kilobyte_arrival_exit_the_forest, layout_rooms,
          chequers_ecumenical_altar_simple_redux, minmay_misc_feat_roman
D:2:      layout_basic, minmay_goblin_kobold_house

Skill      XL: |  1  2 |
---------------+-------+-----
Axes           | 4 |  4.3
Armour         | 1 |  1.1
Fighting       | 4 |  4.0
Dodging        | |  3.2
Stealth        | |  1.5

Action                   || total
-------------------------++-------
Melee: Hand axe          ||    30
       Headbutt          ||     6
Invok: Renounce Religion ||     1
 Stab: Sleeping          ||     3
Armor: Robe              ||     5
Dodge: Dodged            ||    17

Table legend: (Time is in decaauts)
 A = Elapsed time spent in this place.
 B = Non-inter-level travel time spent in this place.
 C = Inter-level travel time spent in this place.
 D = Time resting spent in this place.
 E = Time spent auto-exploring this place.
 F = Levels seen in this place.
 G = Mean time per level.
                   A        B        C        D        E       F      G
               +--------+--------+--------+--------+--------+-----+--------+
         Total |    405 |    405 |      0 |      0 |    317 |   2 |  202.5 |
       Dungeon |    405 |    405 |      0 |      0 |    317 |   2 |  202.5 |
               +--------+--------+--------+--------+--------+-----+--------+

Top non-repeatable levels by time:
     D:1: 392 daAuts
     D:2: 12 daAuts
